 Dungeon Crawl Stone Soup version 0.31-a0-256-g80acddb972 (webtiles) character file.

Game seed: 6872879769860871827

1719 Washie the Conjurer (level 8, -9/63 HPs)
             Began as a Red Draconian Conjurer on July 13, 2023.
             Was an Initiate of Gozag.
             Shot with an arrow by a centaur (10 damage)
             ... on level 6 of the Dungeon.
             The game lasted 01:05:18 (7125 turns).

Washie the Conjurer (Red Draconian Conjurer)        Turns: 7125, Time: 01:05:18

Health: -9/63      AC:  8    Str: 10    XL:     8   Next: 75%
Magic:  14/15      EV: 13    Int: 26    God:    Gozag
Gold:   948        SH:  0    Dex: 10    Spells: 16/17 levels left

rFire   + . .        d - +0 short sword
rCold   . . .        (no shield)
rNeg    . . .        (body armour unavailable)
rPois   .            (helmet restricted)
rElec   .            q - +0 cloak
rCorr   .            C - +0 pair of gloves
SInv    .            (no boots)
Will    .....        (no amulet)
Stlth   ++           S - +6 ring of intelligence
HPRegen 0.30/turn    M - +4 ring of slaying
MPRegen 0.14/turn

%: no passive effects
@: no status effects
A: breathe fire, AC +6, unfitting armour, fire resistance 1, cold-blooded
a: Breathe Fire, Renounce Religion, Potion Petition, Call Merchant, Bribe Branch


You were on level 6 of the Dungeon.
You worshipped Gozag.
Gozag was pleased with you.
You visited 1 branch of the dungeon, and saw 6 of its levels.
You also visited: Sewer.

You collected 989 gold pieces.
You paid 41 gold pieces to Gozag.

Inventory:

Hand Weapons
 d - a +0 short sword (weapon)
 e - a +0 whip
 h - a +0 dagger
 j - a +0 mace
 k - a +0 club
 m - a +0 dagger
 p - a +0 giant club
 r - a +0 dagger
 w - a +0 long sword
 B - a +0 spear
 H - a +0 club
 T - a +0 rapier
Missiles
 E - 4 poisoned darts
 P - a throwing net
Armour
 i - a +0 chain mail
 l - a +0 leather armour
 q - a +0 cloak (worn)
 s - a +1 robe
 y - a +0 scale mail
 C - a +0 pair of gloves (worn)
 F - a +0 scale mail
 G - a +0 chain mail
 I - a +0 leather armour
 J - a +0 robe
 R - a +0 ring mail
Jewellery
 x - a ring of magical power
 K - a ring of resist corrosion
 M - a +4 ring of slaying (right hand)
 O - a ring of ice
 S - a +6 ring of intelligence (left hand)
Scrolls
 b - 3 scrolls of teleportation
 n - 5 scrolls of identify
 o - 2 scrolls of immolation
 u - 2 scrolls of amnesia
 L - a scroll of butterflies {unknown}
 N - a scroll of blinking
 Q - a scroll of silence {unknown}
Potions
 a - 2 potions of magic
 c - a potion of enlightenment {unknown}
 f - 2 potions of degeneration {unknown}
 g - 3 potions of lignification {unknown}
 t - 2 potions of ambrosia
 v - 2 potions of haste {unknown}
 z - 8 potions of curing
 D - a potion of attraction {unknown}


   Skills:
 + Level 3.1 Fighting
 + Level 3.2 Short Blades
 + Level 1.3 Maces & Flails
 + Level 4.5 Dodging
 + Level 3.3 Stealth
 + Level 5.0 Spellcasting
 * Level 7.9 Conjurations


You had 16 spell levels left.
You knew the following spells:

 Your Spells              Type           Power      Damage    Failure   Level
a - Magic Dart            Conj           100%       1d8       1%          1

Your spell library contained the following spells:

 Spells                   Type           Power      Damage    Failure   Level
 Searing Ray              Conj           94%        2d7       1%          2
 Dazzling Flash           Conj/Hex       54%        N/A       4%          3
 Fulminant Prism          Conj/Hex       13%        3d8       16%         4
 Iskenderun's Mystic Bla  Conj/Tloc      27%        2d7       16%         4


Dungeon Overview and Level Annotations

Branches:
Dungeon (6/15)              Sewer (visited)
 Temple: D:4-7

Altars:
Gozag
Uskayaw


Innate Abilities, Weirdness & Mutations

You can breathe blasts of fire.
Your fiery red scales are hard. (AC +6)
You cannot fit into any form of body armour.
Your flesh is heat resistant. (rF+)
You are cold-blooded and may be slowed by cold attacks.


Message History

The centaur shoots an arrow.
The arrow closely misses you.
The centaur shoots an arrow.
The arrow misses you.
The centaur shoots an arrow.
The arrow hits you!
The centaur shoots an arrow.
The arrow barely misses you.
You feel much better.
The centaur shoots an arrow.
The arrow hits you!
Casting: Magic Dart (safe; 1% risk of failure)
Confirm with . or Enter, or press ? or * to list all spells.
You don't know that spell.
Casting: Magic Dart (safe; 1% risk of failure)
Confirm with . or Enter, or press ? or * to list all spells.
Aiming: Magic Dart (safe; 1% risk of failure)
Press: ? - help, Shift-Dir - straight line, f - centaur
Aim: a centaur, wielding a +0 orcbow and quivering poisoned darts (100% to hit)
The magic dart hits the centaur.
The centaur is lightly wounded.
The centaur shoots an arrow.
The arrow hits you!
The centaur shoots an arrow.
The arrow hits you!
Unknown command.
Casting: Magic Dart (safe; 1% risk of failure)
Confirm with . or Enter, or press ? or * to list all spells.
Aiming: Magic Dart (safe; 1% risk of failure)
Press: ? - help, Shift-Dir - straight line, f/p - centaur
Aim: a centaur, wielding a +0 orcbow and quivering poisoned darts (lightly wounded, 100% to hit)
The magic dart hits the centaur but does no damage.
The centaur is lightly wounded.
The centaur shoots an arrow.
The arrow hits you!
You have got your breath back.
The centaur shoots an arrow.
The arrow hits you!
* * * LOW HITPOINT WARNING * * *
The centaur shoots an arrow.
The arrow barely misses you.
The centaur shoots an arrow.
The arrow hits you but does no damage.
The centaur shoots an arrow.
The arrow hits you.
* * * LOW HITPOINT WARNING * * *
The centaur shoots an arrow.
The arrow misses you.
The centaur shoots an arrow.
The arrow hits you!
* * * LOW HITPOINT WARNING * * *
The centaur shoots an arrow.
The arrow hits you!
You die...
Your body crumbles into a pile of gold.

..c..........c......#
####..###########...#
.# #.## #c### .###.##
#.# .......######
##.# .##.##...<..#
#..# ............#
#.##
......#.....####.# #
.............#@# .#
....##.......#.####.#
.... ######.........#
... #...........# ..
####.####......#
##.....#.....####
.#......(......##
................#
#............<..#


You could see a centaur.

Vanquished Creatures
  A wyvern (D:6)
  A water moccasin (D:3)
  Duvessa (D:6)
  3 ogres
  A black bear (D:5)
  A kobold brigand (D:5)
  3 bullfrogs
  3 scorpions
  A jelly (D:5)
  Dowan (D:6)
  2 hounds (D:6)
  Jessica (D:2)
  2 iguanas
  2 sleepcaps
  An orc wizard (D:5)
  3 gnolls (D:5)
  11 adders
  A dart slug (D:1)
  7 orcs
  5 bats
  14 endoplasms
  9 giant cockroaches
  6 goblins
  5 hobgoblins
  7 kobolds
  16 quokkas
  12 ball pythons
  23 frilled lizards
  3 rats
146 creatures vanquished.

Notes
Turn   | Place    | Note
-------+----------+-------------------------------------------
     0 | D:1      | Washie the Draconian Conjurer began the quest for the Orb.
     0 | D:1      | Reached XP level 1. HP: 14/14 MP: 3/3
   445 | D:1      | Reached XP level 2. HP: 22/22 MP: 5/5
  1276 | D:2      | Reached XP level 3. HP: 22/27 MP: 2/6
  1477 | D:2      | Reached skill level 1 in Fighting
  1591 | D:2      | Noticed Jessica
  1606 | D:2      | Killed Jessica
  1607 | D:2      | Reached skill level 1 in Short Blades
  1607 | D:2      | Reached XP level 4. HP: 27/35 MP: 1/7
  1713 | D:2      | Found a faded altar of an unknown god.
  1730 | D:2      | Prayed at the altar of an unknown god.
  1730 | D:2      | Became a worshipper of Uskayaw the Reveller
  1730 | D:2      | Reached * piety under Uskayaw
  2473 | D:3      | Found the +8 trident of the Octopus King {venom, rElec
                  | rPois}
  2538 | D:3      | Reached ** piety under Uskayaw
  2736 | D:3      | Found an opulent altar of Gozag.
  2755 | D:3      | Fell from the grace of Uskayaw
  2755 | D:3      | Became a worshipper of Gozag Ym Sagoz the Greedy
  2873 | D:3      | Noticed a water moccasin
  2900 | D:3      | Killed a water moccasin
  2901 | D:3      | Reached skill level 5 in Conjurations
  2901 | D:3      | Reached XP level 5. HP: 12/40 MP: 7/9
  3432 | D:4      | Noticed an ogre
  3815 | D:4      | Killed an ogre
  3816 | D:4      | Reached XP level 6. HP: 4/47 MP: 10/10
  4441 | D:5      | Entered Level 5 of the Dungeon
  4678 | D:5      | Found a glowing drain.
  4684 | Sewer    | Entered a sewer
  4694 | Sewer    | Your scales start taking on a fiery red colour.
  4694 | Sewer    | Reached XP level 7. HP: 42/53 MP: 12/12
  4694 | Sewer    | Gained mutation: Your flesh is heat resistant. (rF+) [Red
                  | Draconian growth]
  4876 | Sewer    | Reached skill level 6 in Conjurations
  5081 | Sewer    | Paralysed by the fury of Uskayaw for 5 turns
  5130 | Sewer    | Reached skill level 1 in Maces & Flails
  6120 | D:5      | Reached XP level 8. HP: 62/62 MP: 13/14
  6361 | D:5      | Reached skill level 7 in Conjurations
  6630 | D:6      | Found a hide-covered altar of Uskayaw.
  6630 | D:6      | Noticed a +0 spear
  6631 | D:6      | Noticed a +0 dagger
  6632 | D:6      | Noticed a +0 spear
  6633 | D:6      | Noticed a +0 short sword
  6636 | D:6      | Noticed a +0 dagger
  6636 | D:6      | Noticed a +0 falchion
  6639 | D:6      | Noticed a +0 short sword
  6642 | D:6      | Noticed a +0 falchion
  6816 | D:6      | Noticed Duvessa
  6819 | D:6      | Noticed Dowan
  6827 | D:6      | Killed Duvessa
  6846 | D:6      | Killed Dowan
  7007 | D:6      | Reached skill level 5 in Spellcasting
  7124 | D:6      | HP: 1/63 [centaur/arrow (9)]
  7125 | D:6      | Shot with an arrow by a centaur

Illustrated notes

Levels and vault maps discovered:
D:1:      matt_arrival_grand_opening, layout_basic,
          chequers_serial_rivers_micro_e
D:2:      layout_loops_corners, basic_ecumenical_altar, kennysheep_jessica_study
D:3:      layout_basic, nicolae_gozag_cash_rules_everything_around_me
D:4:      layout_cave_pools
D:5:      layout_gridville, gup_sewer_entry_pipe, minmay_circle_x
D:6:      layout_rooms, nicolae_uskayaw_en_pointe, grunt_temple_overflow_open,
          uniq_duvessa

Skill      XL: |  1  2  3  4  5  6  7  8 |
---------------+-------------------------+-----
Dodging        | 2 3 4 |  4.5
Stealth        | 2 3 |  3.3
Fighting       | 1 2 3 |  3.1
Short Blades   | 1 2 3 |  3.2
Conjurations   | 5 6 7 |  7.9
Spellcasting   | 3 4 5 |  5.0
Maces & Flails | 1 |  1.3

Action                     |  1- 3 |  4- 6 |  7- 9 || total
---------------------------+-------+-------+-------++-------
  Melee: Short sword       |   110 |       |    90 ||   200
         Unarmed           |    10 |       |       ||    10
         Tailslap          |    13 |     3 |    19 ||    35
         Dagger            |    16 |    15 |       ||    31
         Club              |       |    39 |    69 ||   108
         Punch             |       |       |     1 ||     1
   Cast: Magic Dart        |    32 |    80 |   151 ||   263
Ability: Breathe Fire      |       |       |    19 ||    19
    Use: Scroll            |       |     9 |     1 ||    10
         Potion            |       |       |     2 ||     2
   Stab: Sleeping          |       |     1 |       ||     1
 Armour: Skin              |    46 |    42 |    99 ||   187
  Dodge: Dodged            |    98 |    83 |   177 ||   358

Table legend: (Time is in decaauts)
 A = Elapsed time spent in this place.
 B = Non-inter-level travel time spent in this place.
 C = Inter-level travel time spent in this place.
 D = Time resting spent in this place.
 E = Time spent auto-exploring this place.
 F = Levels seen in this place.
 G = Mean time per level.
                   A        B        C        D        E       F      G
               +--------+--------+--------+--------+--------+-----+--------+
         Total |   7306 |   7292 |     14 |   1164 |   2479 |   7 | 1043.7 |
       Dungeon |   6515 |   6501 |     14 |   1104 |   2419 |   6 | 1085.8 |
         Sewer |    791 |    791 |      0 |     60 |     60 |   1 |  791.0 |
               +--------+--------+--------+--------+--------+-----+--------+

Top non-repeatable levels by time:
     D:5: 1529 daAuts
     D:1: 1212 daAuts
     D:4: 1163 daAuts
     D:2: 1157 daAuts
     D:3: 907 daAuts
   Sewer: 791 daAuts
     D:6: 544 daAuts
